 Dungeon Crawl Stone Soup version 0.18.1-50-g88ac8fd (webtiles) character file.

8775 dzz the Basher (level 11, 0/99 HPs)
             Began as a Minotaur Berserker on Oct 20, 2016.
             Was a High Priest of Trog.
             Slain by a troll (12 damage)
             ... on level 11 of the Dungeon.
             The game lasted 01:43:41 (16269 turns).

dzz the Basher (Minotaur Berserker)                Turns: 16269, Time: 01:43:42

Health: 0/99       AC: 10    Str: 25    XL:     11   Next: 14%
Magic:  11/11      EV:  6    Int:  4    God:    Trog [*****.]
Gold:   386        SH:  0    Dex: 10    Spells: 0 memorised, 10 levels left

rFire  + + .     SeeInvis .     O - +1 flail (curse)
rCold  . . .     Gourm    .     u - +2 ring mail {rF+}
rNeg   . . .     Faith    .     (no shield)
rPois  +         Spirit   .     (helmet restricted)
rElec  .         Dismiss  .     (no cloak)
rCorr  .         Reflect  .     J - +0 pair of gloves
SustAt .         Harm     .     (no boots)
MR     .....                    (no amulet)
Stlth  ..........               a - ring of poison resistance
                                p - ring of protection from fire

@: not resistant to hostile enchantments, extremely unstealthy
A: retaliatory headbutt, horns 2
a: Berserk, Trog's Hand, Brothers in Arms, Burn Spellbooks, Renounce Religion


You were on level 11 of the Dungeon.
You worshipped Trog.
Trog was extremely pleased with you.
You were not hungry.

You visited 1 branch of the dungeon, and saw 11 of its levels.

You collected 431 gold pieces.
You spent 45 gold pieces at shops.

Inventory:

Hand Weapons
 r - a +2 war axe of freezing
 w - a +0 morningstar
 x - a +0 hand crossbow
 O - a cursed +1 flail (weapon)
 V - a +0 vampiric war axe
Missiles
 t - a steel javelin (quivered)
 E - 20 poisoned needles
 H - 53 bolts
 I - 2 needles of frenzy
Armour
 i - a +0 plate armour
 u - a +2 ring mail of fire resistance (worn)
 J - a +0 pair of gloves (worn)
Jewellery
 a - a ring of poison resistance (right hand)
 p - a ring of protection from fire (left hand)
 K - a +6 ring of intelligence
Wands
 f - a wand of lightning (9/15)
 B - a wand of flame (31/48)
 C - a wand of paralysis (24/24)
 F - a wand of iceblast (9/15)
 M - a wand of confusion (17/48)
 R - a wand of iceblast (9/15)
Scrolls
 b - a scroll of amnesia {unknown}
 e - a scroll of recharging
 j - 2 scrolls of remove curse
 m - 5 scrolls of identify
 n - 2 scrolls of immolation
 s - 2 scrolls of teleportation {unknown}
 y - a scroll of fear {unknown}
 z - 2 scrolls of magic mapping
 L - a scroll of enchant weapon {unknown}
 Q - 2 scrolls of fog {unknown}
 W - a scroll of enchant armour {unknown}
Potions
 d - a potion of lignification
 k - 2 potions of agility
 A - a potion of haste
 G - 2 potions of curing {unknown}
 N - 2 potions of brilliance {unknown}
 S - a potion of cancellation {unknown}
 X - a potion of magic {unknown}
Books
 T - a book of Unlife

   Spells                             Type                      Level
   a - Recall                         Summoning/Translocation      3
   b - Animate Dead                   Necromancy                   4
   c - Control Undead                 Necromancy                   4
   d - Cigotuvi's Embrace             Necromancy                   5
   e - Death Channel                  Necromancy                   6
   f - Simulacrum                     Ice/Necromancy               6
   Trog disapproves of the use of such an item.
Comestibles
 c - 4 bread rations
 g - 9 meat rations


   Skills:
 + Level 9.6 Fighting
 - Level 5.0(11.1) Axes
 * Level 14.9(15.2) Maces & Flails
 + Level 9.4 Armour
 - Level 2.1 Dodging
 + Level 1.8 Evocations


You had 10 spell levels left.
You didn't know any spells.

Dungeon Overview and Level Annotations

Branches:
Dungeon (11/15)            Temple (0/1) D:5
   Lair: D:8-11         Orc: D:9-12

Altars:
Ashenzari
Cheibriados
Gozag
Makhleb
Nemelex Xobeh
Okawaru
Ru
Yredelemnul
Zin
The Shining One

Shops:
D:6 (


Innate Abilities, Weirdness & Mutations

You reflexively headbutt those who attack you in melee.
You have a pair of horns on your head.


Message History

Something hits you. The troll barely misses you. You furiously retaliate!
You headbutt the troll, but do no damage.
The troll barely misses you. The troll closely misses you.
You hit the troll. You headbutt the troll.
The troll is heavily wounded.
Something hits you but does no damage. The troll bites you!
The troll closely misses you. The troll claws you!
You hit the troll but do no damage.
The troll is heavily wounded.
Something hits you! Something hits you.
* * * LOW HITPOINT WARNING * * *
The troll bites you.
* * * LOW HITPOINT WARNING * * *
The troll claws you.
* * * LOW HITPOINT WARNING * * *
The troll misses you. Something hits you.
* * * LOW HITPOINT WARNING * * *
The troll bites you but does no damage. The troll claws you!
You die...

......... ......... #
#......... #.
#.(.......
#.############.........
#...(.................
#...................##
#.....T.............#
#.....@.............###
#........>.....))......
#......................
#.###################..
#. #


You could see a troll.

Vanquished Creatures
  An ugly thing (D:10)
  A cyclops (D:9)
  Psyche (D:8)
  A gargoyle (D:10)
  A komodo dragon (D:10)
  2 trolls (D:10)
  Sigmund (D:3)
  4 yaks (D:9)
  A wyvern (D:11)
  3 hippogriffs
  2 hungry ghosts
  2 black bears
  4 ice beasts
  5 orc warriors
  An eye of draining (D:10)
  A wasp (D:9)
  5 ogres
  2 centaurs
  8 giant frogs
  A water moccasin zombie (D:11)
  2 scorpions
  A wyvern zombie (D:11)
  9 killer bees
  6 wights
  7 howler monkeys
  4 crimson imps
  A centaur zombie (D:7)
  A giant frog zombie (D:11)
  2 hounds
  A quasit (D:10)
  A centaur skeleton (D:7)
  2 jellies
  A gnoll shaman (D:6)
  11 orc wizards
  6 orc priests
  3 giant frog skeletons
  Natasha (thrice) (D:3)
  2 iguanas
  8 worker ants
  An ogre zombie (D:11)
  A hound zombie (D:10)
  A hound skeleton (D:9)
  2 worker ant zombies
  10 gnolls
  A howler monkey skeleton (D:10)
  12 adders
  A shadow imp (D:5)
  An ooze (D:1)
  An adder skeleton (D:5)
  A worm (D:4)
  4 dart slugs
  4 giant geckos
  46 orcs
  A ball python (D:3)
  8 bats
  3 giant cockroaches
  5 goblins
  10 hobgoblins
  3 jackals (D:5)
  5 quokkas
  2 giant gecko zombies (D:7)
  6 giant newts
  A goblin skeleton (D:11)
  2 goblin zombies (D:11)
  6 kobolds
  2 orc skeletons (D:11)
  6 orc zombies (D:11)
  7 rats
  2 fungi (D:5)
  12 plants (D:5)
285 creatures vanquished.

Vanquished Creatures (collateral kills)
  An orc zombie (D:11)
1 creature vanquished.

Grand Total: 286 creatures vanquished

Notes
Turn   | Place    | Note
--------------------------------------------------------------
     0 | D:1      | dzz the Minotaur Berserker began the quest for the Orb.
     0 | D:1      | Reached XP level 1. HP: 19/19 MP: 0/0
    83 | D:1      | Reached skill level 4 in Maces & Flails
   163 | D:1      | Reached XP level 2. HP: 25/26 MP: 1/1
   567 | D:1      | Reached skill level 5 in Maces & Flails
   760 | D:1      | Reached ** piety under Trog
   768 | D:1      | Reached XP level 3. HP: 30/31 MP: 2/2
  1627 | D:2      | Found a burning altar of Makhleb.
  1627 | D:2      | Found a glowing silver altar of Zin.
  1628 | D:2      | Noticed an angel
  1628 | D:2      | Noticed a blizzard demon
  1871 | D:3      | Noticed Natasha
  1874 | D:3      | Killed Natasha
  1874 | D:3      | Reached skill level 6 in Maces & Flails
  1874 | D:3      | Reached XP level 4. HP: 39/39 MP: 3/3
  2291 | D:3      | Noticed Sigmund
  2301 | D:3      | Killed Sigmund
  2301 | D:3      | Reached skill level 8 in Maces & Flails
  2301 | D:3      | Reached XP level 5. HP: 45/45 MP: 4/4
  2301 | D:3      | Reached XP level 6. HP: 51/51 MP: 5/5
  2444 | D:3      | Noticed Natasha
  2450 | D:3      | Killed Natasha
  2467 | D:3      | Noticed Natasha
  2467 | D:3      | Reached *** piety under Trog
  2467 | D:3      | Reached skill level 9 in Maces & Flails
  2475 | D:3      | Killed Natasha
  2665 | D:3      | Found a snail-covered altar of Cheibriados.
  2668 | D:3      | Found a shattered altar of Ashenzari.
  2668 | D:3      | Found a sparkling altar of Nemelex Xobeh.
  2922 | D:4      | Reached XP level 7. HP: 57/57 MP: 6/6
  3427 | D:4      | Reached skill level 10 in Maces & Flails
  3926 | D:5      | Entered Level 5 of the Dungeon
  4026 | D:5      | Reached skill level 11 in Maces & Flails
  4058 | D:5      | Found a staircase to the Ecumenical Temple.
  4214 | D:5      | Found an iron altar of Okawaru.
  4339 | D:5      | Found a basalt altar of Yredelemnul.
  4344 | D:5      | Found a glowing golden altar of the Shining One.
  4346 | D:5      | Noticed an angel
  4643 | D:5      | Found a sacrificial altar of Ru.
  4924 | D:6      | Reached XP level 8. HP: 64/64 MP: 7/7
  4927 | D:6      | Found Epoofuev's Weapon Shoppe.
  4937 | D:6      | Bought a +0 hand crossbow for 45 gold pieces
  5082 | D:6      | Reached skill level 12 in Maces & Flails
  5092 | D:6      | Reached **** piety under Trog
  5390 | D:6      | Found an opulent altar of Gozag.
  6014 | D:6      | Reached skill level 13 in Maces & Flails
  7249 | D:7      | Reached XP level 9. HP: 31/71 MP: 8/8
  7987 | D:7      | Reached skill level 1 in Axes
  8019 | D:7      | You fall through a shaft!
  8081 | D:8      | Noticed Psyche
  8090 | D:8      | Killed Psyche
  8090 | D:8      | Reached skill level 5 in Fighting
  8293 | D:8      | Reached skill level 5 in Armour
  9704 | D:9      | Reached ***** piety under Trog
 10356 | D:9      | Reached skill level 5 in Axes
 10356 | D:9      | Reached XP level 10. HP: 86/86 MP: 9/9
 10978 | D:9      | Noticed a cyclops
 10989 | D:9      | Killed a cyclops
 10989 | D:9      | Reached skill level 14 in Maces & Flails
 11370 | D:10     | Entered Level 10 of the Dungeon
 11786 | D:10     | Noticed a green ugly thing
 11797 | D:10     | Killed a green ugly thing
 13398 | D:11     | HP: 4/91 [something (7)]
 14095 | D:11     | Reached XP level 11. HP: 97/97 MP: 10/10
 14096 | D:11     | Reached skill level 1 in Evocations
 16269 | D:11     | Slain by a troll

Skill      XL: |  1  2  3  4  5  6  7  8  9 10 11 |
---------------+----------------------------------+-----
Maces & Flails | 4 5 6 8 9 11 13 14 | 14.9
Fighting       | 4 7 9 |  9.6
Armour         | 3 6 9 |  9.4
Axes           | 5 |  5.0
Evocations     | 1 |  1.8
Dodging        | |  2.1

Action                   |  1- 3 |  4- 6 |  7- 9 | 10-12 || total
-------------------------+-------+-------+-------+-------++-------
Melee: Mace              |    76 |    49 |       |       ||   125
       Headbutt          |     9 |     6 |    97 |    61 ||   173
       Flail             |       |    13 |    51 |   245 ||   309
       Morningstar       |       |       |   252 |       ||   252
       War axe           |       |       |    78 |       ||    78
Throw: Javelin           |       |       |    19 |    20 ||    39
       Tomahawk          |       |       |     3 |       ||     3
Invok: Berserk           |     1 |     4 |    11 |     7 ||    23
       Trog's Hand       |       |     3 |     3 |     6 ||    12
       Brothers in Arms  |       |       |       |     1 ||     1
  Use: Scroll            |       |       |    13 |       ||    13
       Potion            |       |       |     3 |     1 ||     4
  Eat: Chunk             |     2 |     7 |    24 |    21 ||    54
       Pizza             |       |     1 |     1 |     1 ||     3
       Bread ration      |       |       |     2 |       ||     2
       Fruit             |       |       |     4 |     2 ||     6
       Beef jerky        |       |       |       |     4 ||     4
Armor: Animal skin       |     8 |       |       |       ||     8
       Ring mail         |    14 |       |   134 |   175 ||   323
       Chain mail        |    13 |    34 |     4 |       ||    51
Dodge: Dodged            |    58 |    28 |   208 |   166 ||   460
